 Dungeon Crawl Stone Soup version 0.21-a0-630-g344d351 (webtiles) character file.

21 slep the Slasher (level 2, -1/22 HPs)
             Began as a Demonspawn Gladiator on Dec 26, 2017.
             Slain by a hobgoblin
             ... wielding a +0 club
              (6 damage)
             ... on level 1 of the Dungeon.
             The game lasted 00:01:27 (387 turns).

slep the Slasher (Demonspawn Gladiator)              Turns: 387, Time: 00:01:28

Health: -1/22      AC:  3    Str: 14    XL:     2   Next: 65%
Magic:  2/2        EV: 13    Int:  9    God:
Gold:   0          SH:  0    Dex: 14    Spells: 1/1 levels left

rFire    . . .     SeeInvis .   a - +0 long sword
rCold    . . .     Gourm    .   (no shield)
rNeg     . . .     Faith    .   b - +0 leather armour
rPois    .         Spirit   .   c - +0 helmet
rElec    .         Reflect  .   (no cloak)
rCorr    .         Harm     .   (no gloves)
MR       .....                  (no boots)
Stlth    +.........             (no amulet)
HPRegen  0.07/turn              h - -3 ring of protection (curse)
MPRegen  0.08/turn              (no ring)

@: no status effects
A: icy blue scales 1
a: no special abilities


You were on level 1 of the Dungeon.
You were not hungry.

You visited 1 branch of the dungeon, and saw 1 of its levels.

Inventory:

Hand Weapons
 a - a +0 long sword (weapon)
Missiles
 d - 3 throwing nets (quivered)
Armour
 b - a +0 leather armour (worn)
 c - a +0 helmet (worn)
Jewellery
 h - a cursed -3 ring of protection (left hand)
Scrolls
 e - a scroll of remove curse {unknown}
Potions
 g - a potion of mutation {unknown}
Comestibles
 f - a ration


   Skills:
 + Level 2.2 Fighting
 + Level 3.1 Long Blades
 + Level 2.0 Throwing
 + Level 3.0 Dodging


You had one spell level left.
You didn't know any spells.

Dungeon Overview and Level Annotations

Branches:
Dungeon (1/15)

Altars:


Innate Abilities, Weirdness & Mutations

You are partially covered in icy blue scales. (AC +2)


Message History

A rat comes into view.
You hit the rat but do no damage. The rat barely misses you.
You hit the rat.
You kill the rat!
Your Dodging skill increases to level 3!
Found a stone staircase leading down.
You see here a robe.
There is an open door here.
A hobgoblin comes into view. It is wielding a club.
The hobgoblin shouts!
You hear an angry hiss.
A leopard gecko and a dart slug come into view.
The hobgoblin hits you but does no damage.
The dart slug launches a dart at you. The slug dart hits you!
* * * LOW HITPOINT WARNING * * *
You hit the hobgoblin.
The hobgoblin is moderately wounded.
The leopard gecko hisses menacingly.
The hobgoblin hits you with a club.
You die...

#.......##..........###
#.......##..........#
#...................#
#......##...........#
#......##.#'##'########
#......##.#.........##.
#########.###..###.....
##########.#....# #.....
......g@...#.##.# #.....
...........#.##.# #.....
...........#.##.# #....#
.......l...#.##.# #....#
...........#.##.# #....#
...........#....# #....#
........w..########....#
...........# #......#
#......#


You could see a dart slug, a leopard gecko and a hobgoblin.

Vanquished Creatures
  A dart slug (D:1)
  4 bats (D:1)
  3 goblins (D:1)
  A hobgoblin (D:1)
  3 frilled lizards (D:1)
  4 kobolds (D:1)
  3 rats (D:1)
19 creatures vanquished.

Notes
Turn   | Place    | Note
-------+----------+-------------------------------------------
     0 | D:1      | slep the Demonspawn Gladiator began the quest for the Orb.
     0 | D:1      | Reached XP level 1. HP: 16/16 MP: 1/1
    73 | D:1      | Gained mutation: You are partially covered in icy blue scales. (AC +2) [demonic ancestry]
    73 | D:1      | Reached XP level 2. HP: 9/22 MP: 2/2
   387 | D:1      | Slain by a hobgoblin

Vault maps used:
D:1:      lemuel_arrival_funnel

Skill      XL: |  1  2 |
---------------+-------+-----
Long Blades    | 3 |  3.1
Throwing       | 2 |  2.0
Dodging        | 3 |  3.0
Fighting       | |  2.2

Action                   || total
-------------------------++-------
Melee: Long sword        ||    44
Armor: Leather armour    ||    26
Dodge: Dodged            ||    48
       Rpst.: Long sword ||    18

Table legend:
 A = Spawn XP
 B = Non-spawn XP
 C = Spawn XP percentage of total XP
 D = Spawn monster count
 E = Non-spawn monster count
 F = Spawn count percentage of total count
 G = Total turns spent on level
                    A         B        C        D         E        F      G
               +---------+---------+-------+---------+---------+-------+---------
         Total |       0 |      31 |   0.0 |       0 |      19 |   0.0 |   387
               +---------+---------+-------+---------+---------+-------+---------
           D:1 |       0 |      31 |   0.0 |       0 |      19 |   0.0 |   387
               +---------+---------+-------+---------+---------+-------+---------
